[Event "22nd Hoogeveen Open 2018"]
[Site "Hoogeveen"]
[Date "2018.10.22"]
[Round "4"]
[White "Kokje, Joris"]
[Black "Biermann, Florian"]
[Result "1-0"]
[ECO "A65"]
[WhiteElo "2232"]
[BlackElo "2024"]
[Annotator "NA"]
[PlyCount "61"]
[EventDate "2018.10.20"]
[EventType "swiss"]
[EventCountry "NED"]
[SourceTitle "playchess.com"]
[Source "ChessBase"]
[SourceQuality "1"]
[TimeControl "40/5400+30:1800+30"]

1. d4 Nf6 2. c4 g6 3. f3 Bg7 4. e4 d6 5. Nc3 O-O 6. Nge2 c5 7. d5 e6 8. Ng3 exd5 9. cxd5 Nbd7 {[%emt 0:03:39] A65: Modern Benoni: 6 e4} 10. Be2 Nh5 $146 ({Predecessor:} 10... h5 11. O-O Nh7 12. Nh1 a6 13. a4 f5 14. exf5 gxf5 15. Nf2 Ne5 16. Nh3 Qf6 17. Nf4 {0-1 (50) Bologan,V (2681)-Grischuk,A (2764) Beijing 2012}) 11. Nxh5 gxh5 12. O-O Ne5 13. h3 h4 14. f4 Ng6 15. f5 Ne5 16. Be3 Qf6 17. Qd2 h6 18. Rf4 h5 19. Rff1 Qe7 20. Bh6 ({Resist} 20. Bxh5 $6 Nc4 $11) 20... Bxh6 21. Qxh6 f6 22. Bxh5 Qh7 (22... Qg7 $16 {was worth a try.} 23. Qxg7+ Kxg7) 23. Qxh7+ Kxh7 24. Nb5 Rd8 25. Rf4 $18 Kh6 26. Rxh4 Kg5 27. g3 Rh8 28. Be2 Rxh4 29. gxh4+ Kxh4 30. Nxd6 Kxh3 31. Kf2 1-0

[Event "22nd Hoogeveen Open 2018"]
[Site "Hoogeveen"]
[Date "2018.10.22"]
[Round "4"]
[White "Sparenberg, Erik"]
[Black "Baskin, Robert"]
[Result "1/2-1/2"]
[ECO "A30"]
[WhiteElo "2224"]
[BlackElo "2348"]
[Annotator "NA"]
[PlyCount "46"]
[EventDate "2018.10.20"]
[EventType "swiss"]
[EventCountry "NED"]
[SourceTitle "playchess.com"]
[Source "ChessBase"]
[SourceQuality "1"]
[TimeControl "40/5400+30:1800+30"]

1. Nf3 Nf6 2. c4 b6 3. g3 Bb7 4. Bg2 c5 5. Nc3 g6 6. O-O Bg7 7. d4 cxd4 8. Qxd4 d6 9. Rd1 O-O 10. Qh4 Nbd7 11. Bh6 Rc8 12. Bxg7 Kxg7 13. Qd4 Bxf3 14. exf3 a6 15. f4 Rb8 16. b4 Kg8 17. Rac1 Re8 18. h4 a5 19. a3 Rc8 20. Nb5 Rb8 21. Na7 Qc7 22. Nb5 Qc8 23. Na7 $11 ({Better is} 23. Re1 $18) 23... Qc7 1/2-1/2

[Event "22nd Hoogeveen Open 2018"]
[Site "Hoogeveen"]
[Date "2018.10.22"]
[Round "4"]
[White "Murray, David"]
[Black "Winkels, Marcel"]
[Result "1-0"]
[ECO "B90"]
[WhiteElo "2222"]
[BlackElo "1935"]
[Annotator "NA"]
[PlyCount "61"]
[EventDate "2018.10.20"]
[EventType "swiss"]
[EventCountry "NED"]
[SourceTitle "playchess.com"]
[Source "ChessBase"]
[SourceQuality "1"]
[TimeControl "40/5400+30:1800+30"]

1. e4 c5 2. Nf3 d6 3. d4 cxd4 4. Nxd4 Nf6 5. Nc3 a6 6. h3 e5 7. Nde2 h5 {[%emt 0:00:10] B90: Sicilian Najdorf: Unusual White 6th moves, 6 Be3 Ng4 and 6 Be3 e5} (7... b5 8. Ng3 Nbd7 9. Bg5 h6 10. Be3 Bb7 11. Bd3 h5 12. Bg5 g6 13. O-O Be7 14. a3 h4 15. Nge2 Nc5 16. Bxf6 Bxf6 {1-0 (48) Dominguez Perez,L (2739)-Vachier Lagrave,M (2779) chess.com INT 2018}) 8. Bg5 Be6 9. Bxf6 Qxf6 10. Qd3 Nc6 11. Nd5 Qd8 12. O-O-O g6 13. g3 {[%emt 0:02:37] [#]} Bh6+ $146 ({Predecessor:} 13... Bg7 14. h4 Qa5 15. Kb1 O-O-O 16. Bg2 Kb8 17. a3 Qc5 18. Rhf1 f5 19. Nec3 Qa5 {½-½ (19) Alonso,S (2512)-Mareco,S (2585) Mar del Plata 2014}) 14. Kb1 O-O 15. f4 Rc8 16. a3 Kg7 17. f5 Bxd5 18. Qxd5 Qb6 19. Qd3 Rfd8 20. Nc3 Nd4 (20... Qe3 $16 {was called for.}) 21. Nd5 Qa5 22. c3 $18 Nc6 23. Qf3 Rf8 24. Rg1 Qc5 25. Bd3 Bg5 26. h4 Bd8 27. Rdf1 Rg8 28. g4 Kh7 29. fxg6+ fxg6 30. gxh5 g5 31. Qf5+ 1-0

[Event "22nd Hoogeveen Open 2018"]
[Site "Hoogeveen"]
[Date "2018.10.22"]
[Round "4"]
[White "Wedda, Dries"]
[Black "Clemens, Adrian"]
[Result "1-0"]
[ECO "E70"]
[WhiteElo "2216"]
[BlackElo "2153"]
[Annotator "NA"]
[PlyCount "115"]
[EventDate "2018.10.20"]
[EventType "swiss"]
[EventCountry "NED"]
[SourceTitle "playchess.com"]
[Source "ChessBase"]
[SourceQuality "1"]
[TimeControl "40/5400+30:1800+30"]

1. d4 Nf6 2. c4 g6 3. Nc3 Bg7 4. e4 d6 5. Nge2 O-O 6. Ng3 e5 7. d5 h5 8. Be2 h4 9. Nf1 Nh7 10. Be3 f5 11. exf5 gxf5 12. g3 Na6 13. f4 Qe7 14. Qc2 Nc5 15. O-O-O Bd7 16. Re1 exf4 17. gxf4 $14 Kh8 18. Bf3 Bf6 19. Nd2 Qf7 20. Bd1 Rg8 21. Bxc5 dxc5 22. Nf3 Bxc3 23. Qxc3+ Qf6 24. Ne5 Rg7 25. Bh5 Be8 26. Bxe8 Rxe8 27. Rhg1 Reg8 28. Qe3 b6 29. Qf2 Qh6 30. Rg6 Qh5 31. Rxg7 Rxg7 32. Rg1 Nf6 33. Rg5 Qh7 34. Qg1 Kg8 35. Ng6 Ne4 36. Ne7+ Kf7 37. Rxg7+ Qxg7 38. Qxg7+ Kxg7 39. Nxf5+ Kf6 40. Nxh4 Nf2 41. Kd2 Ng4 42. h3 Nf2 43. Ke2 Nxh3 44. Ke3 a6 45. a4 a5 46. b3 Ng1 47. Nf3 Nh3 48. Ng5 Nxg5 49. fxg5+ Kxg5 50. d6 cxd6 51. Ke4 Kf6 52. Kd5 Ke7 53. Kc6 Ke6 54. Kxb6 Kd7 55. Kxa5 Kc6 56. Ka6 d5 57. cxd5+ Kxd5 58. Kb5 1-0

[Event "22nd Hoogeveen Open 2018"]
[Site "Hoogeveen"]
[Date "2018.10.22"]
[Round "4"]
[White "Li, Henry"]
[Black "Van Dorp, Folke"]
[Result "1/2-1/2"]
[ECO "C41"]
[WhiteElo "2207"]
[BlackElo "2097"]
[Annotator "NA"]
[PlyCount "71"]
[EventDate "2018.10.20"]
[EventType "swiss"]
[EventCountry "NED"]
[SourceTitle "playchess.com"]
[Source "ChessBase"]
[SourceQuality "1"]
[TimeControl "40/5400+30:1800+30"]

1. e4 d6 2. d4 Nf6 3. Nc3 e5 4. Nf3 Nbd7 5. Bc4 Be7 6. O-O Nb6 {[%emt 0:00:13] C41: Philidor Defence} (6... O-O 7. Re1 c6 8. a4 a5 9. h3 Re8 10. Ba2 Bf8 11. Be3 Qc7 12. Ng5 Re7 13. f4 b6 14. fxe5 dxe5 15. d5 cxd5 16. exd5 {1-0 (16) Wang,H (2709)-Ivanchuk,V (2726) Huaian 2017}) 7. Be2 exd4 8. Nxd4 O-O 9. a4 a5 10. Re1 Re8 11. h3 Bf8 12. Bf1 c6 13. Bg5 {[%emt 0:03:22] [#]} h6 $146 ({Predecessor:} 13... Nbd7 14. Nf3 {½-½ (26) Zelcic,R (2532)-Jovanovic,Z (2529) Bol 2013}) 14. Bf4 Nbd7 15. Qd2 Nc5 16. f3 Ne6 17. Be3 Nxd4 18. Bxd4 Be6 19. Rad1 d5 20. Qf4 dxe4 21. Bxf6 Qxf6 22. Qxf6 gxf6 23. Nxe4 Kg7 $11 24. Bd3 f5 25. Ng3 Kf6 26. h4 Bc5+ 27. Kf1 Rad8 28. Nh5+ Kg6 29. g4 Rg8 30. Re5 Rxd3 31. Rxd3 b6 32. Rxc5 bxc5 33. Rd6 fxg4 34. fxg4 Rb8 35. Rxc6 Rb4 36. Ng3 1/2-1/2

[Event "22nd Hoogeveen Open 2018"]
[Site "Hoogeveen"]
[Date "2018.10.22"]
[Round "4"]
[White "Giacomini, Hector"]
[Black "Van der Hagen, Loek"]
[Result "1-0"]
[ECO "A48"]
[WhiteElo "2178"]
[BlackElo "1820"]
[Annotator "NA"]
[PlyCount "59"]
[EventDate "2018.10.20"]
[EventType "swiss"]
[EventCountry "NED"]
[SourceTitle "playchess.com"]
[Source "ChessBase"]
[SourceQuality "1"]
[TimeControl "40/5400+30:1800+30"]

1. Nf3 Nf6 2. e3 g6 3. d4 Bg7 4. Bd3 d6 5. O-O O-O 6. Nbd2 Nbd7 7. c3 e5 8. e4 Nh5 9. Nb3 Qe8 10. Re1 f5 11. exf5 gxf5 12. Bc4+ Kh8 13. Ng5 Nb6 14. Bf7 Rxf7 15. Qxh5 Kg8 16. Qxh7+ Kf8 17. Nxf7 Qxf7 18. Bh6 Qg8 19. Bxg7+ Qxg7 20. Qxg7+ Kxg7 21. dxe5 dxe5 22. Rxe5 Kf6 23. Rae1 Bd7 24. Nc5 Bc6 25. Re6+ Kg5 26. R1e3 Nd5 27. Rg3+ Kh5 28. Nd3 Rd8 29. c4 f4 30. Rh3+ 1-0

[Event "22nd Hoogeveen Open 2018"]
[Site "Hoogeveen"]
[Date "2018.10.22"]
[Round "4"]
[White "Hulshof, Peter"]
[Black "Maters, Arthur"]
[Result "1-0"]
[ECO "B25"]
[WhiteElo "2168"]
[BlackElo "1933"]
[Annotator "NA"]
[PlyCount "87"]
[EventDate "2018.10.20"]
[EventType "swiss"]
[EventCountry "NED"]
[SourceTitle "playchess.com"]
[Source "ChessBase"]
[SourceQuality "1"]
[TimeControl "40/5400+30:1800+30"]

1. e4 c5 2. Nc3 d6 3. d3 g6 4. g3 Bg7 5. Bg2 Nc6 6. f4 e6 7. Nf3 Nge7 8. O-O O-O 9. Bd2 Rb8 10. Rb1 b5 11. a3 a5 12. a4 b4 13. Nb5 Ba6 14. c4 Bxb5 15. axb5 Nd4 16. Be3 Qb6 17. Nxd4 Bxd4 18. Bxd4 cxd4 19. Ra1 Ra8 20. f5 exf5 21. exf5 Nxf5 22. Rxf5 gxf5 23. Bxa8 Rxa8 24. Qf3 Re8 25. Qxf5 Qb7 26. Rf1 Re5 27. Qg4+ Kf8 28. Qxd4 Qd7 29. Qh4 a4 30. d4 Re2 31. Qxh7 Qe6 32. Qh8+ Ke7 33. Qh4+ Kd7 34. Qf4 Qxc4 35. Qxf7+ Qxf7 36. Rxf7+ Kc8 37. h4 a3 38. bxa3 bxa3 39. Ra7 a2 40. h5 Rb2 41. h6 Rb1+ 42. Kg2 Rb2+ 43. Kh3 Rxb5 44. Kg4 1-0

[Event "22nd Hoogeveen Open 2018"]
[Site "Hoogeveen"]
[Date "2018.10.22"]
[Round "4"]
[White "Ingebretsen, Jens E"]
[Black "Warakomska, Anna"]
[Result "1-0"]
[ECO "B47"]
[WhiteElo "2160"]
[BlackElo "2293"]
[Annotator "NA"]
[PlyCount "100"]
[EventDate "2018.10.20"]
[EventType "swiss"]
[EventCountry "NED"]
[SourceTitle "playchess.com"]
[Source "ChessBase"]
[SourceQuality "1"]
[TimeControl "40/5400+30:1800+30"]

1. e4 c5 2. Nf3 e6 3. d4 cxd4 4. Nxd4 Nc6 5. Nc3 Qc7 6. g3 a6 7. Bg2 Nf6 8. O-O Nxd4 9. Qxd4 Bc5 10. Bf4 d6 11. Qd2 h6 12. Rad1 e5 13. Be3 Be6 {[%emt 0:00:40] B47: Sicilian: Taimanov: 5 Nc3 Qc7 6 f4, 6 g3 and 6 Be2} 14. Bxc5 dxc5 15. f4 (15. Nd5 Bxd5 16. exd5 O-O 17. d6 Qb6 18. c4 Rad8 19. Rfe1 Rfe8 20. Bh3 Nh7 21. f4 {1-0 (60) Vidit,S (2715)-Van Foreest,J (2629) Riadh 2017}) 15... O-O 16. Nd5 Bxd5 17. exd5 Qd6 18. fxe5 Qxe5 19. d6 Qxb2 20. d7 Rad8 $11 ({Predecessor:} 20... Rfd8 21. Bh3 {1-0 (33) Purgar,I (2200)-Puuska,H (1947) Heraklio 2017}) 21. Bh3 Ne4 22. Qe3 Ng5 23. Bf5 Qb6 24. Rd5 Ne6 25. c3 Qc6 26. Rfd1 c4 27. g4 b6 28. h4 Nc5 29. Rd6 Qc7 30. g5 Nd3 31. Qxb6 Qxb6+ 32. Rxb6 Ne5 33. Kg2 g6 34. Bh3 hxg5 35. hxg5 Nd3 36. Kg3 Rb8 37. Rdb1 Rxb6 38. Rxb6 Rd8 39. Rxa6 Kf8 40. Rc6 Ne5 41. Rc7 Ke7 42. Kf4 f6 43. gxf6+ Kxf6 44. Rc8 g5+ 45. Ke4 Nf7 46. Kd5 Ke7 47. a4 Nh6 48. Be6 Nf7 49. a5 g4 50. Bxg4 Nd6 {[%emt 0:00:07] Ke4 [%emt 00:02:07]} 1-0

[Event "22nd Hoogeveen Open 2018"]
[Site "Hoogeveen"]
[Date "2018.10.22"]
[Round "4"]
[White "Biermann, Lenhard"]
[Black "Shakhverdian, William"]
[Result "1/2-1/2"]
[ECO "A49"]
[WhiteElo "2153"]
[BlackElo "1903"]
[Annotator "NA"]
[PlyCount "84"]
[EventDate "2018.10.20"]
[EventType "swiss"]
[EventCountry "NED"]
[SourceTitle "playchess.com"]
[Source "ChessBase"]
[SourceQuality "1"]
[TimeControl "40/5400+30:1800+30"]

1. d4 Nf6 2. Nf3 g6 3. g3 Bg7 4. Bg2 O-O 5. O-O d6 6. a4 a5 7. c3 c6 8. Nbd2 Nbd7 9. e4 e5 10. Qc2 Qc7 11. b3 d5 12. exd5 Nxd5 13. Bb2 exd4 14. Nxd4 N7f6 15. Nc4 Re8 16. Ba3 Bf8 $11 17. Bxf8 Kxf8 18. Rfe1 Bd7 19. Nd2 Rxe1+ 20. Rxe1 Re8 21. Rxe8+ Bxe8 22. c4 Nb4 23. Qc3 Qe7 24. N4f3 c5 25. Ng5 Qe1+ 26. Bf1 Ng4 27. Nge4 Nc6 28. Qh8+ Ke7 29. h3 Nge5 30. Qf6+ Kf8 31. Ng5 Nd7 32. Qf4 Kg7 33. Ndf3 Qa1 34. Qe3 Nce5 35. Kg2 h6 36. Ne4 Nxf3 37. Qxf3 Qe5 38. Kh2 Nf6 39. Nxf6 Qxf6 40. Qe3 Bc6 41. Bg2 Bxg2 42. Kxg2 b6 1/2-1/2

[Event "22nd Hoogeveen Open 2018"]
[Site "Hoogeveen"]
[Date "2018.10.22"]
[Round "4"]
[White "Dev, Shah"]
[Black "Boghossian, Wahe"]
[Result "1-0"]
[ECO "A70"]
[WhiteElo "2146"]
[BlackElo "1748"]
[Annotator "NA"]
[PlyCount "83"]
[EventDate "2018.10.20"]
[EventType "swiss"]
[EventCountry "NED"]
[SourceTitle "playchess.com"]
[Source "ChessBase"]
[SourceQuality "1"]
[TimeControl "40/5400+30:1800+30"]

1. d4 Nf6 2. c4 e6 3. Nc3 c5 4. d5 exd5 5. cxd5 d6 6. e4 g6 7. Nf3 Bg7 8. h3 O-O 9. Bd3 Re8 10. O-O a6 11. a4 Nbd7 12. Nd2 Rb8 13. a5 b6 14. axb6 Nxb6 15. f4 Nh5 16. Nf3 Ng3 17. Re1 h5 18. Kh2 h4 19. Ng5 Bd4 20. Be3 Qf6 21. Bd2 Bf2 22. e5 dxe5 23. Nge4 Nxe4 24. Nxe4 Bg3+ 25. Kh1 Qd8 26. fxe5 Bxe5 27. Bg5 Qd7 28. Bf6 Nxd5 29. Bxe5 Rxe5 30. Nf6+ Nxf6 31. Rxe5 Rxb2 32. Re2 Rb4 33. Rf2 Rd4 34. Qf3 Nh5 35. Bxg6 Ng3+ 36. Kg1 Bb7 37. Bxf7+ Kf8 38. Qf6 Rd1+ 39. Kh2 Nf1+ 40. Rxf1 Rxf1 41. Rxf1 Qc7+ 42. Kg1 1-0

[Event "22nd Hoogeveen Open 2018"]
[Site "Hoogeveen"]
[Date "2018.10.22"]
[Round "4"]
[White "Hilwerda, Jonas"]
[Black "Schippers, Maurice"]
[Result "0-1"]
[ECO "B07"]
[WhiteElo "2109"]
[BlackElo "2272"]
[Annotator "ChessBase"]
[PlyCount "132"]
[EventDate "2018.10.20"]
[EventType "swiss"]
[EventCountry "NED"]
[SourceTitle "playchess.com"]
[Source "ChessBase"]
[SourceQuality "1"]
[TimeControl "40/5400+30:1800+30"]

1. d4 Nf6 2. Bf4 g6 3. Nc3 d6 4. e4 Bg7 5. Qd2 c6 6. h4 Qa5 7. Be2 b5 8. e5 b4 9. exf6 bxc3 10. fxg7 cxd2+ 11. Bxd2 Qxd2+ 12. Kxd2 Rg8 13. h5 gxh5 14. Rxh5 Rxg7 15. g3 Nd7 16. Bf3 Bb7 17. Ne2 Nf6 18. Rh4 O-O-O 19. Re1 Rg5 20. Kc1 e5 21. dxe5 dxe5 22. Bg2 Kc7 23. Nc3 Rf5 24. f4 exf4 25. gxf4 Rh5 26. Reh1 Rxh4 27. Rxh4 Rd4 28. Ne2 Rd6 29. Ng3 c5 30. Bxb7 Kxb7 31. Nf5 Rd5 32. Nh6 Rh5 33. Rxh5 Nxh5 34. Nxf7 Nxf4 35. Kd2 Kc6 36. c4 Nh3 37. Ke3 Kd7 38. Ne5+ Kd6 39. Ke4 Nf2+ 40. Kf5 Nd1 41. b3 Nc3 42. a3 Nb1 43. Nf7+ Kc7 44. Ke6 Nd2 45. b4 cxb4 46. axb4 Nxc4 47. Kd5 Ne3+ 48. Kd4 Nf5+ 49. Kc5 h5 50. b5 h4 51. Ng5 Nd6 52. Ne6+ Kd7 53. Nf4 Nb7+ 54. Kd5 Kc7 55. Kc4 Kb6 56. Kb4 Nd6 57. Nd5+ Kb7 58. Nf4 Ne4 59. Nh3 Kb6 60. Nf4 Nf2 61. Nd5+ Kb7 62. Ne3 h3 63. Nf1 Ng4 64. Ng3 h2 65. Nh1 Kb6 66. Ka4 Ne3 0-1

[Event "22nd Hoogeveen Open 2018"]
[Site "Hoogeveen"]
[Date "2018.10.22"]
[Round "4"]
[White "Jelic, Bruno"]
[Black "Husers, Yannic"]
[Result "1/2-1/2"]
[ECO "A34"]
[WhiteElo "2076"]
[BlackElo "1866"]
[Annotator "NA"]
[PlyCount "85"]
[EventDate "2018.10.20"]
[EventType "swiss"]
[EventCountry "NED"]
[SourceTitle "playchess.com"]
[Source "ChessBase"]
[SourceQuality "1"]
[TimeControl "40/5400+30:1800+30"]

1. d4 Nf6 2. c4 e6 3. Nf3 c5 4. Nc3 b6 5. d5 d6 6. e4 Be7 7. Be2 O-O 8. O-O a6 9. a4 Nbd7 10. h3 Re8 11. Bf4 e5 12. Bh2 Nf8 13. Ne1 g5 14. Nc2 Ng6 $16 15. Ne3 Bf8 16. Ng4 Bg7 17. Nxf6+ Bxf6 18. Ra3 Kh8 19. Bg4 Rg8 20. Ne2 Bxg4 21. hxg4 Qd7 22. Ng3 b5 23. Qf3 Nf4 24. b3 Rgb8 25. Nf5 Bg7 26. Bxf4 exf4 27. g3 Be5 28. gxf4 Bxf4 29. Kg2 bxc4 30. bxc4 Rb4 31. Rh1 f6 32. Rh6 Rf8 33. Ra1 Rxc4 34. Rah1 Rf7 35. Qh3 Rxe4 36. Qh5 Be5 37. Qg6 Rxg4+ 38. Kf1 Rxa4 39. Rxh7+ Rxh7 40. Rxh7+ Qxh7 41. Qe8+ Qg8 42. Qh5+ Qh7 43. Qe8+ 1/2-1/2

[Event "22nd Hoogeveen Open 2018"]
[Site "Hoogeveen"]
[Date "2018.10.22"]
[Round "4"]
[White "Hoffman, Ron"]
[Black "Elgersma, Simon"]
[Result "0-1"]
[ECO "A48"]
[WhiteElo "2060"]
[BlackElo "2237"]
[Annotator "NA"]
[PlyCount "72"]
[EventDate "2018.10.20"]
[EventType "swiss"]
[EventCountry "NED"]
[SourceTitle "playchess.com"]
[Source "ChessBase"]
[SourceQuality "1"]
[TimeControl "40/5400+30:1800+30"]

1. d4 Nf6 2. Bf4 g6 3. e3 Bg7 4. Nf3 d6 5. Be2 O-O 6. O-O Nbd7 7. h3 c5 8. c3 b6 9. Nbd2 Bb7 10. Bh2 Rc8 11. a4 a6 12. Bd3 Rc7 13. Qe2 Qa8 14. e4 cxd4 15. cxd4 e5 16. dxe5 dxe5 $14 17. Nxe5 Nxe5 18. Bxe5 Rd7 19. Bc3 Rfd8 20. Bc2 Nh5 21. Nc4 Bxc3 22. bxc3 Qb8 23. Rad1 Qc7 24. Bb3 Nf4 25. Qf3 Rxd1 26. Rxd1 Rxd1+ 27. Qxd1 Bxe4 28. Nd6 Bxg2 29. Bxf7+ Kf8 30. Qd2 g5 31. h4 Ke7 32. Bc4 Qxd6 33. Qe3+ Kd8 34. hxg5 Qd1+ 35. Kh2 Qh5+ 36. Kg3 Qxg5+ 0-1

[Event "22nd Hoogeveen Open 2018"]
[Site "Hoogeveen"]
[Date "2018.10.22"]
[Round "4"]
[White "Verhoef, Pieter"]
[Black "Damen, Jip"]
[Result "0-1"]
[ECO "B08"]
[WhiteElo "2058"]
[BlackElo "2192"]
[Annotator "NA"]
[PlyCount "86"]
[EventDate "2018.10.20"]
[EventType "swiss"]
[EventCountry "NED"]
[SourceTitle "playchess.com"]
[Source "ChessBase"]
[SourceQuality "1"]
[TimeControl "40/5400+30:1800+30"]

1. e4 g6 2. d4 Bg7 3. Nf3 d6 4. Nc3 a6 5. a4 Nf6 6. h3 O-O 7. Be3 b6 8. Bd3 Nc6 9. e5 dxe5 10. dxe5 Nd5 11. Be4 Nxe3 12. fxe3 Bb7 13. Nd4 Na5 14. Bxb7 Nxb7 15. Nc6 Qe8 16. Qf3 Na5 17. Nxa5 bxa5 18. Qd5 Qb8 19. Rb1 c6 20. Qxa5 Bxe5 21. O-O Bc7 22. Qc5 Qb7 23. Qc4 Qb6 24. Qe4 Qc5 25. Ne2 Rad8 26. Nd4 Qd6 27. Nf3 a5 28. c3 e5 29. Qc4 Bb6 30. Qe4 Rfe8 31. b4 Qd5 32. Qxd5 Bxe3+ 33. Kh1 Rxd5 34. c4 Rd3 35. b5 e4 36. bxc6 exf3 37. Rxf3 Rdd8 38. Rb7 f5 39. Rb5 Rd1+ 40. Kh2 f4 41. Rd5 Bg1+ 42. Kh1 Rc1 43. Rfd3 Bf2+ 0-1

[Event "22nd Hoogeveen Open 2018"]
[Site "Hoogeveen"]
[Date "2018.10.22"]
[Round "4"]
[White "Boersma, Jan"]
[Black "Achuthan, Dylan"]
[Result "1-0"]
[ECO "B21"]
[WhiteElo "2047"]
[BlackElo "1751"]
[Annotator "NA"]
[PlyCount "79"]
[EventDate "2018.10.20"]
[EventType "swiss"]
[EventCountry "NED"]
[SourceTitle "playchess.com"]
[Source "ChessBase"]
[SourceQuality "1"]
[TimeControl "40/5400+30:1800+30"]

1. e4 c5 2. f4 Nc6 3. Nf3 e6 4. Bb5 d5 5. exd5 exd5 6. O-O Nf6 7. b3 Be7 8. Bb2 O-O 9. Bxc6 bxc6 10. Ne5 Qc7 11. d3 c4 12. Nd2 cxd3 13. cxd3 Ba6 14. Rc1 c5 15. Rf3 Rac8 16. Rg3 d4 {[%emt 0:06:41] [#]} 17. Bxd4 $16 Qd6 18. Bb2 Rfd8 19. Qf3 Qb6 20. Nec4 Qe6 21. f5 Qd7 22. Ne4 Qc6 23. Ne5 Qb6 24. Nc4 Qc6 25. Re1 Bxc4 26. bxc4 Kf8 27. Bc3 a6 28. a4 h6 29. a5 Rd7 30. Qe2 Kg8 31. Rb1 Kf8 32. Rb6 Qc7 33. Bxf6 Bxf6 34. Rxf6 Qxa5 35. Kf2 Qa1 36. Rb6 Qd4+ 37. Qe3 Qe5 38. h4 a5 39. f6 g6 40. Qxh6+ 1-0

[Event "22nd Hoogeveen Open 2018"]
[Site "Hoogeveen"]
[Date "2018.10.22"]
[Round "4"]
[White "Van de Pavoordt, Max"]
[Black "Rubingh, Otto"]
[Result "0-1"]
[ECO "B03"]
[WhiteElo "2034"]
[BlackElo "2154"]
[Annotator "NA"]
[PlyCount "60"]
[EventDate "2018.10.20"]
[EventType "swiss"]
[EventCountry "NED"]
[SourceTitle "playchess.com"]
[Source "ChessBase"]
[SourceQuality "1"]
[TimeControl "40/5400+30:1800+30"]

1. e4 Nf6 2. e5 Nd5 3. c4 Nb6 4. d4 d6 5. f4 dxe5 6. fxe5 Nc6 7. Nf3 Bg4 8. Be3 e6 9. Qd2 Be7 10. Be2 Bxf3 11. gxf3 Bh4+ 12. Kf1 f6 13. f4 fxe5 14. dxe5 Qe7 15. Qd3 O-O 16. Qe4 g5 17. Rg1 Kh8 18. Rg4 gxf4 19. Bc5 Qxc5 20. Rxh4 Qe7 21. Rh5 Rad8 22. Bd3 Rf7 23. Nc3 Rd4 24. Qe2 f3 25. Qe3 Qd7 26. Nd5 Nxd5 27. cxd5 Rxd5 28. Bc4 Rd1+ 29. Rxd1 Qxd1+ 30. Kf2 Qc2+ 0-1

[Event "22nd Hoogeveen Open 2018"]
[Site "Hoogeveen"]
[Date "2018.10.22"]
[Round "4"]
[White "Minko, Dmitry"]
[Black "Zarkovic, Mila"]
[Result "1-0"]
[ECO "B80"]
[WhiteElo "2011"]
[BlackElo "2213"]
[Annotator "NA"]
[PlyCount "91"]
[EventDate "2018.10.20"]
[EventType "swiss"]
[EventCountry "NED"]
[SourceTitle "playchess.com"]
[Source "ChessBase"]
[SourceQuality "1"]
[TimeControl "40/5400+30:1800+30"]

1. e4 c5 2. Nf3 d6 3. d4 cxd4 4. Nxd4 Nf6 5. Nc3 a6 6. f3 e6 7. Be3 b5 8. Qd2 Nbd7 9. O-O-O Bb7 10. g4 Nb6 11. a3 Rc8 12. Kb1 d5 13. e5 Nfd7 14. f4 b4 15. Na2 bxa3 16. b3 Be7 17. h4 O-O 18. g5 $17 Nc5 19. Bg2 Ne4 20. Bxe4 dxe4 21. h5 Bc5 22. g6 Qc7 23. h6 fxg6 24. hxg7 Rfe8 25. Qh2 Qxg7 26. f5 Bxd4 27. Bxd4 Nd7 28. fxg6 hxg6 29. Rdg1 Nf8 30. Be3 Kf7 31. Rf1+ Ke7 32. Bg5+ Kd7 33. Qd2+ Bd5 34. Bf6 Qg8 35. c4 Rb8 36. Rh3 Rec8 37. cxd5 exd5 38. Rd1 Rb5 39. Ka1 Qe6 40. Rc3 Rcb8 41. Qc1 Ke8 42. Rc6 Qg4 43. Rg1 Qf5 44. Rc7 Nd7 45. Rh1 Rxb3 46. Rc8+ 1-0

[Event "22nd Hoogeveen Open 2018"]
[Site "Hoogeveen"]
[Date "2018.10.22"]
[Round "4"]
[White "Klaren, Duncan"]
[Black "Bluhm, Sonja Maria"]
[Result "0-1"]
[ECO "B45"]
[WhiteElo "1950"]
[BlackElo "2281"]
[Annotator "NA"]
[PlyCount "56"]
[EventDate "2018.10.20"]
[EventType "swiss"]
[EventCountry "NED"]
[SourceTitle "playchess.com"]
[Source "ChessBase"]
[SourceQuality "1"]
[TimeControl "40/5400+30:1800+30"]

1. e4 c5 2. Nf3 Nc6 3. d4 cxd4 4. Nxd4 Nf6 5. Nc3 e6 6. Bg5 Qa5 7. Bxf6 gxf6 8. Ndb5 Bc5 9. Nd6+ Ke7 10. Nc4 Qc7 11. Qd2 Ne5 12. O-O-O Nxc4 13. Bxc4 a6 14. Rhe1 b5 15. Qh6 Bb7 16. Bd5 b4 $16 ({Lieber} 16... Rhg8) 17. e5 fxe5 18. Ne4 Rhc8 19. Qf6+ Ke8 20. Qh8+ Bf8 21. Nd6+ Ke7 22. Qxh7 Bxd5 23. Nxf7 Qxc2+ 24. Qxc2 Rxc2+ 25. Kxc2 Kxf7 26. Rxe5 Bg7 27. Re3 Ra7 28. Rg3 Rc7+ 0-1

[Event "22nd Hoogeveen Open 2018"]
[Site "Hoogeveen"]
[Date "2018.10.22"]
[Round "4"]
[White "Van Foreest, Machteld"]
[Black "Bleeker, Kasper"]
[Result "1-0"]
[ECO "C45"]
[WhiteElo "1934"]
[BlackElo "1891"]
[Annotator "NA"]
[PlyCount "63"]
[EventDate "2018.10.20"]
[EventType "swiss"]
[EventCountry "NED"]
[SourceTitle "playchess.com"]
[Source "ChessBase"]
[SourceQuality "1"]
[TimeControl "40/5400+30:1800+30"]

1. e4 e5 2. Nf3 Nc6 3. d4 exd4 4. Nxd4 Nf6 5. Nxc6 bxc6 6. e5 Qe7 7. Qe2 Nd5 8. c4 Ba6 9. Nd2 O-O-O 10. Qe4 Nb6 11. c5 Bxf1 12. cxb6 Ba6 13. bxa7 Kb7 14. b3 f6 15. Bb2 fxe5 16. O-O-O Qc5+ 17. Kb1 Qxa7 18. Nf3 d5 19. Qc2 Bc5 20. Nxe5 Rhe8 21. Rc1 Bxf2 22. Nxc6 Qb6 23. Nxd8+ Rxd8 24. Be5 Rd7 25. Rcd1 g6 26. Qc3 Qe6 27. Bd4 Qe4+ 28. Ka1 Bxd4 29. Rxd4 Qxg2 30. Rc1 Bb5 31. Rb4 Ka6 32. Rxb5 1-0

[Event "22nd Hoogeveen Open 2018"]
[Site "Hoogeveen"]
[Date "2018.10.22"]
[Round "4"]
[White "Emans, Job"]
[Black "Pham, Khoi"]
[Result "0-1"]
[ECO "E68"]
[WhiteElo "1927"]
[BlackElo "2153"]
[Annotator "NA"]
[PlyCount "74"]
[EventDate "2018.10.20"]
[EventType "swiss"]
[EventCountry "NED"]
[SourceTitle "playchess.com"]
[Source "ChessBase"]
[SourceQuality "1"]
[TimeControl "40/5400+30:1800+30"]

1. Nf3 d6 2. g3 g6 3. Bg2 Bg7 4. d4 Nf6 5. O-O O-O 6. c4 Nbd7 7. Nc3 e5 8. e4 c6 9. d5 cxd5 10. cxd5 b6 11. Re1 a5 12. Bf1 Nc5 13. Nd2 Ne8 14. Nc4 f5 15. Be3 f4 16. Bxc5 bxc5 17. Nb5 h5 18. Be2 Qf6 19. f3 Bh6 20. Nb6 fxg3 21. Nxa8 gxh2+ 22. Kh1 Qh4 23. Bf1 Qg3 24. Bg2 h4 25. Qe2 h3 26. Nb6 Bg4 27. Rf1 hxg2+ 28. Qxg2 Bxf3 29. Rxf3 Qxf3 30. Nc4 Qf6 31. Nxa5 Bf4 32. Nc6 Ng7 33. Qg4 Kh7 34. Rf1 Nh5 35. Rf3 Ng3+ 36. Rxg3 Bxg3 37. Qxg3 Qf1+ 0-1